 Dungeon Crawl Stone Soup version 0.29-a0-994-gc5c9f59d18 (webtiles) character file.

Game seed: 6571405987202851135

18 Sobieck the Trooper (level 2, 0/24 HPs)
             Began as a Merfolk Abyssal Knight on Aug 3, 2022.
             Was a Believer of Lugonu.
             Slain by Robin
             ... wielding a +0 trident
              (4 damage)
             ... on level 2 of the Dungeon.
             The game lasted 00:02:33 (1778 turns).

Sobieck the Trooper (Merfolk Abyssal Knight)        Turns: 1778, Time: 00:02:34

Health: 0/24       AC:  3    Str: 13    XL:     2   Next: 66%
Magic:  3/3        EV: 12    Int:  9    God:    Lugonu [**....]
Gold:   85         SH:  0    Dex: 14    Spells: 1/1 levels left

rFire   . . .      SeeInvis .   a - +1 spear {polearm}
rCold   . . .      Faith    .   (no shield)
rNeg    . . .      Spirit   .   b - +0 leather armour
rPois   .          Reflect  .   (no helmet)
rElec   .          Harm     .   (no cloak)
rCorr   .          Rampage  .   (no gloves)
Will    .....                   (no boots)
Stlth   +.........              (no amulet)
HPRegen 0.08/turn               (no ring)
MPRegen 0.08/turn               (no ring)

@: no status effects
A: (nimble swimmer 2), mertail
a: Renounce Religion, Depart the Abyss, Bend Space


You were on level 2 of the Dungeon.
You worshipped Lugonu.
Lugonu was pleased with you.
You visited 1 branch of the dungeon, and saw 2 of its levels.
You visited the Abyss 1 time.

You collected 85 gold pieces.


Innate Abilities, Weirdness & Mutations

((You are very nimble when in or above water. (Stealth+, EV+, Speed+++)))
Your lower body shifts to a powerful aquatic tail in water.


   Skills:
 + Level 3.4 Fighting
 * Level 3.2 Polearms
 + Level 0.9 Armour
 + Level 2.9 Dodging
 + Level 0.9 Stealth
 + Level 2.2 Invocations


You had one spell level left.
You didn't know any spells.
Your spell library contained the following spells:

 Spells                   Type           Power      Damage    Failure   Level
 Ensorcelled Hibernation  Hex/Ice        0%         N/A       61%         2
 Passwall                 Tmut/Erth      0%         N/A       61%         2
 Frozen Ramparts          Ice            0%         1d8       83%         3
 Swiftness                Air            0%         N/A       83%         3
 Ice Form                 Ice/Tmut       0%         N/A       99%         4
 Summon Ice Beast         Ice/Summ       0%         N/A       99%         4

Inventory:

Hand Weapons
 a - a +1 spear (weapon) {polearm}
Armour
 b - a +0 leather armour (worn)
 h - a +0 chain mail
   (You found it on level 1 of the Dungeon)
Scrolls
 c - a scroll of vulnerability {unknown}
 d - a scroll of poison {unknown}
 g - a scroll of brand weapon {unknown}
Potions
 e - a potion of berserk rage {unknown}
 f - a potion of cancellation {unknown}

Dungeon Overview and Level Annotations

Branches:
Dungeon (2/15) Zot: 10376

Altars:

Annotations:
D:2 Robin

#.# #.# #.# #.#
#.# #.# #.#
###########.#
#.#.)@g.......#
#.#g###########
#.#.# ## #.#.#
(.. #.#g# ..g.
#.#r#
g....##.#g#
....gg..#.#
.....##.g.####


You could see Robin and a goblin (strong).


Message History

No target in view!
Things that are here:
a +0 short sword {short}; a kobold corpse Done exploring.
You open the door.
There is an open door here.
There is a dry fountain here.
There is an escape hatch in the floor here.
You slide downwards.
The hatch slams shut behind you.
Unknown command.
A hobgoblin and 2 goblins come into view.
The hobgoblin shouts!
The goblin shouts!
You hear a shout! x3
A rat comes into view.
A hobgoblin comes into view.
The hobgoblin moves out of view.
The goblin moves out of view.
You hear a shout!
Danger!
Robin of the Strong Arm comes into view.
They are wielding a +0 trident.
Unknown command.
Robin shouts!
The goblin shouts!
A goblin comes into view. It is wielding a +0 dagger.
Unknown command.
Robin throws the goblin at you!
The goblin shouts!
Unknown command.
The goblin attacks as you move away! The goblin hits you with a +0 dagger.
You hit the goblin.
You kill the goblin!
Lugonu accepts your kill.
Unknown command.
A hobgoblin comes into view.
The rat twitches its whiskers.
You reach to attack!
You completely miss the goblin. You hit the goblin.
You kill the goblin!
Lugonu accepts your kill.
You reach to attack!
You hit the hobgoblin. You hit the hobgoblin. The hobgoblin barely misses you.
You completely miss the hobgoblin. You barely miss the hobgoblin.
The hobgoblin barely misses you.
You hit the hobgoblin.
You kill the hobgoblin!
Lugonu accepts your kill.
You hit the rat.
You kill the rat!
Lugonu accepts your kill.
You puncture the goblin!
You kill the goblin!
Lugonu accepts your kill.
You reach to attack!
You hit Robin.
Robin hits you from afar with a +0 trident!
You are too injured to fight recklessly!
You are too injured to fight recklessly!
Unknown command.
You aren't in the Abyss!
Reach: a) +1 spear {polearm}
Press: ? - help, Dir - move target, f/p - Robin
Aim: Robin, wielding a +0 trident, wearing a +1 animal skin and wearing a +0 helmet (moderately wounded, about 29% to evade your +1 spear)
You reach to attack!
You hit Robin.
Robin roars a battlecry!
Reach: a) +1 spear {polearm}
Press: ? - help, Dir - move target, f/p - Robin
Aim: Robin, wielding a +0 trident, wearing a +1 animal skin and wearing a +0 helmet (moderately wounded, about 29% to evade your +1 spear)
You reach to attack!
You hit Robin.
Robin hits you from afar with a +0 trident.
* * * LOW HITPOINT WARNING * * *
Reach: a) +1 spear {polearm}
Press: ? - help, Dir - move target, f/p - Robin
Aim: Robin, wielding a +0 trident, wearing a +1 animal skin and wearing a +0 helmet (heavily wounded, about 29% to evade your +1 spear)
You reach to attack!
You hit Robin. Robin throws the goblin at you!
Reach: a) +1 spear {polearm}
Press: ? - help, Dir - move target, f/p - Robin
Aim: Robin, wielding a +0 trident, wearing a +1 animal skin and wearing a +0 helmet (heavily wounded, about 29% to evade your +1 spear)
You reach to attack!
You closely miss Robin. The goblin hits you with a +0 club.
* * * LOW HITPOINT WARNING * * *
Robin closely misses you.
Reach: a) +1 spear {polearm}
Press: ? - help, Dir - move target, f/p - Robin
Aim: Robin, wielding a +0 trident, wearing a +1 animal skin and wearing a +0 helmet (heavily wounded, about 29% to evade your +1 spear)
You reach to attack!
You barely miss Robin. The goblin barely misses you. Robin barely misses you.
Reach: a) +1 spear {polearm}
Press: ? - help, Dir - move target, f/p - Robin
Aim: Robin, wielding a +0 trident, wearing a +1 animal skin and wearing a +0 helmet (heavily wounded, about 29% to evade your +1 spear)
You reach to attack!
You puncture Robin! The goblin barely misses you. Robin barely misses you.
Reach: a) +1 spear {polearm}
Press: ? - help, Dir - move target, f/p - Robin
Aim: Robin, wielding a +0 trident, wearing a +1 animal skin and wearing a +0 helmet (almost dead, about 29% to evade your +1 spear)
You reach to attack!
You hit Robin but do no damage. The goblin hits you with a +0 club.
* * * LOW HITPOINT WARNING * * *
Robin closely misses you.
Reach: a) +1 spear {polearm}
Press: ? - help, Dir - move target, f/p - Robin
Aim: Robin, wielding a +0 trident, wearing a +1 animal skin and wearing a +0 helmet (almost dead, about 29% to evade your +1 spear)
You reach to attack!
You hit Robin but do no damage. The goblin closely misses you.
Robin hits you from afar with a +0 trident.
You die...

Skill      XL: |  1  2 |
---------------+-------+-----
Polearms       | 3 |  3.2
Fighting       | |  3.4
Armour         | |  0.9
Dodging        | |  2.9
Stealth        | |  0.9
Invocations    | |  2.2

Action                   || total
-------------------------++-------
Melee: Spear             ||    60
Invok: Depart the Abyss  ||     1
Armor: Leather armour    ||    10
Dodge: Dodged            ||    27

Levels and vault maps discovered:
D:1:      giann_forest_graveyard, layout_basic,
          ebering_ecumenical_altar_abandoned, serial_co_window_serial,
          co_window_paths_b, co_window_corner_a, co_window_paths_b,
          co_window_paths_b, co_window_paths_a, co_window_paths_a,
          co_window_corner_a, co_window_corner_a, co_window_paths_b,
          co_window_paths_c, co_window_cross_3, co_window_corner_ca,
          glass_columns_a, corexii_corridor_pit
D:2:      layout_basic, uniq_robin

Notes
Turn   | Place    | Note
-------+----------+-------------------------------------------
     0 | Abyss:1  | Sobieck the Merfolk Abyssal Knight began the quest for the
                  | Orb.
     0 | Abyss:1  | Reached XP level 1. HP: 18/18 MP: 2/2
   133 | Abyss:2  | Noticed a cyan very ugly thing
   149 | Abyss:2  | Noticed a quasit
   151 | Abyss:2  | Noticed a thrashing horror
   151 | D:1      | You pass through the gate.
   151 | D:1      | Escaped the Abyss
   194 | D:1      | Found a faded altar of an unknown god.
   461 | D:1      | Reached XP level 2. HP: 24/24 MP: 3/3
   563 | D:1      | Reached skill level 3 in Polearms
   766 | D:1      | You pick up a book of Burglary and begin reading...
   766 | D:1      | You add the spells Passwall, Ensorcelled Hibernation and
                  | Swiftness to your library.
  1115 | D:1      | You pick up a book of Rime and begin reading...
  1115 | D:1      | You add the spells Frozen Ramparts, Ice Form and Summon Ice
                  | Beast to your library.
  1747 | D:2      | Noticed Robin
  1777 | D:2      | HP: 4/24 [goblin/+0 club[Robin] (3)]
  1778 | D:2      | Slain by Robin

Vanquished Creatures
  An endoplasm (D:1)
  A giant cockroach (D:1)
  6 goblins
  A hobgoblin (D:2)
  A kobold (D:1)
  A quokka (D:1)
  A bat (D:1)
  A frilled lizard (D:1)
  3 rats
16 creatures vanquished.

Table legend:
 A = Non-vault XP
 B = Vault XP
 C = Vault XP percentage of total XP
 D = Non-vault monster count
 E = Vault monster count
 F = Vault count percentage of total count
                 A         B        C        D         E       F
            +---------+---------+-------+---------+---------+-------
      Total |      19 |       7 |  26.9 |      12 |       4 |  25.0
            +---------+---------+-------+---------+---------+-------
        D:1 |      18 |       0 |   0.0 |      11 |       0 |   0.0
        D:2 |       1 |       7 |  87.5 |       1 |       4 |  80.0
            +---------+---------+-------+---------+---------+-------

Illustrated notes

Table legend:
 A = Kills in this place as a percentage of kills in entire the game.
 B = Kills by you in this place as a percentage of kills by you in the entire game.
 C = Kills by friends in this place as a percentage of kills by friends in the entire game.
 D = Other kills in this place as a percentage of other kills in the entire game.
 E = Experience gained in this place as a percentage of experience gained in the entire game.
 F = Experience gained in this place divided by the number of levels of this place that you have seen.
                   A       B       C       D       E      F
               +-------+-------+-------+-------+-------+----------------------
         Total | 100.0 | 100.0 |   N/A |   N/A | 100.0 |   6.5
       Dungeon | 100.0 | 100.0 |   N/A |   N/A | 100.0 |  13.0
               +-------+-------+-------+-------+-------+----------------------

Table legend: (Time is in decaauts)
 A = Elapsed time spent in this place.
 B = Non-inter-level travel time spent in this place.
 C = Inter-level travel time spent in this place.
 D = Time resting spent in this place.
 E = Time spent auto-exploring this place.
 F = Levels seen in this place.
 G = Mean time per level.
                   A        B        C        D        E       F      G
               +--------+--------+--------+--------+--------+-----+--------+
         Total |   1773 |   1724 |     49 |      0 |   1583 |   4 |  443.2 |
       Dungeon |   1622 |   1573 |     49 |      0 |   1462 |   2 |  811.0 |
         Abyss |    150 |    150 |      0 |      0 |    121 |   2 |   75.0 |
               +--------+--------+--------+--------+--------+-----+--------+

Top non-repeatable levels by time:
     D:1: 1557 daAuts
 Abyss:1: 129 daAuts
     D:2: 65 daAuts
 Abyss:2: 21 daAuts
